 Dungeon Crawl Stone Soup version 0.28-a0-1080-g05a166d0ed (webtiles) character file.

Game seed: 10110376982976842760

4 ytrimaz the Vexing (level 1, -1/7 HPs)
             Began as a Felid Enchanter on Dec 9, 2021.
             Slain by a goblin (4 damage)
             ... on level 1 of the Dungeon.
             The game lasted 00:00:23 (55 turns).

ytrimaz the Vexing (Felid Enchanter)                  Turns: 55, Time: 00:00:23

Health: -1/7       AC:  1    Str:  4    XL:     1   Next: 50%
Magic:  4/4        EV: 17    Int: 16    God:
Gold:   0          SH:  0    Dex: 16    Spells: 4/4 levels left
                                        Lives:  0   Deaths: 0

rFire   . . .      SeeInvis +     - Unarmed
rCold   . . .      Faith    .   (shield unavailable)
rNeg    . . .      Spirit   .   (armour unavailable)
rPois   .          Reflect  .   (helmet unavailable)
rElec   .          Harm     .   (cloak unavailable)
rCorr   .          Rampage  .   (gloves unavailable)
Will    .....                   (boots unavailable)
Stlth   +++.......              (no amulet)
HPRegen 0.02/turn               (no ring)
MPRegen 0.09/turn               (no ring)

@: invisible, quick
A: very small, claws 1, fangs 3, see invisible, speed 1, shaggy fur 1, stealthy
paws, no weapons or thrown items, no armour, multi-lived
a: no special abilities


You were on level 1 of the Dungeon.
You visited 1 branch of the dungeon, and saw 1 of its levels.

You aren't carrying anything.


   Skills:
 + Level 2.9 Dodging
 + Level 4.0 Stealth
 + Level 1.0 Unarmed Combat
 + Level 2.0 Spellcasting
 + Level 4.5 Hexes


You had 4 spell levels left.
You didn't know any spells.
Your spell library contained the following spells:

 Spells                   Type           Power      Damage    Failure   Level
 Confusing Touch          Hex            16%        N/A       10%         3
 Tukima's Dance           Hex            16%        N/A       10%         3
 Ensorcelled Hibernation  Hex/Ice        16%        N/A       12%         2
 Dazzling Flash           Conj/Hex       16%        N/A       24%         3


Dungeon Overview and Level Annotations

Branches:
Dungeon (1/15)

Altars:


Innate Abilities, Weirdness & Mutations

You have sharp claws.
You have razor-sharp teeth.
You have supernaturally acute eyesight. (SInv)
You cover ground quickly. (Speed+)
You are covered in fur. (AC +1)
Your paws help you pounce on unaware monsters.
You are incapable of wielding weapons or throwing items.
You cannot wear armour.
You gain extra lives every three experience levels.


Message History

The endoplasm freezes you.
You are frozen.
Ouch! That really hurt!
You scratch the endoplasm.
The endoplasm is almost dead.
The endoplasm barely misses you.
You scratch the endoplasm.
You kill the endoplasm!
Unknown command.
You aren't carrying any scrolls.
You fade into invisibility!
Unknown command.
The kobold misses you.
A goblin comes into view. It is wielding a +0 dagger.
You closely miss the kobold. The kobold closely misses you.
You scratch the kobold.
The kobold is severely wounded.
The hobgoblin closely misses you.
You scratch the kobold.
You kill the kobold!
The hobgoblin completely misses you.
You scratch the hobgoblin.
The hobgoblin is almost dead.
The hobgoblin misses you.
You barely miss the hobgoblin.
The hobgoblin is almost dead.
The hobgoblin closely misses you.
You scratch the hobgoblin.
You kill the hobgoblin!
You catch the helpless kobold completely off-guard!
You scratch the kobold.
You kill the kobold!
The goblin hits you with a +0 dagger.
* * * LOW HITPOINT WARNING * * *
You see here a +0 short sword.
You scratch the goblin.
The goblin is moderately wounded.
The goblin hits you with a +0 dagger.
Ouch! That really hurt!
You die...

....#....###.#.##
.#............####
.#....##.........# ..
........##.##.#####..
...
..............K...
##...##.##.#####..
#.. ...##.# #.
#..###g# # ##+ #@#
####.# #...)# ######


You could see a goblin.

Vanquished Creatures
  An endoplasm (D:1)
  A hobgoblin (D:1)
  2 kobolds (D:1)
4 creatures vanquished.

Notes
Turn   | Place    | Note
-------+----------+-------------------------------------------
     0 | D:1      | ytrimaz the Felid Enchanter began the quest for the Orb.
     0 | D:1      | Reached XP level 1. HP: 7/7 MP: 4/4
    55 | D:1      | Slain by a goblin

Illustrated notes

Levels and vault maps discovered:
D:1:      dpeg_arrival_more_subterranean_lakeside_camping, layout_loops_corners,
          hangedman_decor_growths, minivault_14, chequers_serial_rivers_room_a

Action                   || total
-------------------------++-------
Melee: Unarmed           ||    13
       Bite              ||     1
  Use: Potion            ||     1
 Stab: Invisible         ||     1
Dodge: Dodged            ||     9

Table legend: (Time is in decaauts)
 A = Elapsed time spent in this place.
 B = Non-inter-level travel time spent in this place.
 C = Inter-level travel time spent in this place.
 D = Time resting spent in this place.
 E = Time spent auto-exploring this place.
 F = Levels seen in this place.
 G = Mean time per level.
                   A        B        C        D        E       F      G
               +--------+--------+--------+--------+--------+-----+--------+
         Total |     47 |     47 |      0 |      0 |     23 |   1 |   47.0 |
       Dungeon |     47 |     47 |      0 |      0 |     23 |   1 |   47.0 |
               +--------+--------+--------+--------+--------+-----+--------+

Top non-repeatable levels by time:
     D:1: 47 daAuts
